 Dungeon Crawl Stone Soup version 0.25.1-9-gc5326a611f (webtiles) character file.

Game seed: 10701877845353154970

33 pokeman the Magician (level 3, -1/20 HPs)
             Began as a Deep Elf Wizard on Dec 28, 2020.
             Slain by a goblin
             ... wielding a +0 club
              (2 damage)
             ... on level 1 of the Dungeon on Dec 29, 2020.
             The game lasted 00:02:39 (1367 turns).

pokeman the Magician (Deep Elf Wizard)              Turns: 1367, Time: 00:02:39

Health: -1/20      AC:  2    Str:  4    XL:     3   Next: 12%
Magic:  2/11       EV: 13    Int: 23    God:
Gold:   63         SH:  0    Dex: 13    Spells: 1/12 levels left

rFire    . . .     SeeInvis .   (no weapon)
rCold    . . .     Gourm    .   (no shield)
rNeg     . . .     Faith    .   a - +0 robe
rPois    .         Spirit   .   b - +0 hat
rElec    .         Reflect  .   (no cloak)
rCorr    .         Harm     .   (no gloves)
MR       .....                  (no boots)
Stlth    ++........             (no amulet)
HPRegen  0.06/turn              (no ring)
MPRegen  0.12/turn              (no ring)

@: no status effects
A: no striking features
a: no special abilities


You were on level 1 of the Dungeon.
You were not hungry.

You visited 1 branch of the dungeon, and saw 2 of its levels.

You collected 63 gold pieces.

Inventory:

Armour
 a - a +0 robe (worn)
 b - a +0 hat (worn)
Scrolls
 c - a scroll of amnesia {unknown}
 e - a scroll of magic mapping {unknown}
 f - a scroll of teleportation {unknown}
 h - 2 scrolls of identify {unknown}
Potions
 g - a potion of resistance {unknown}
Comestibles
 d - 2 rations


   Skills:
 + Level 0.8 Fighting
 + Level 0.7 Armour
 - Level 2.4 Dodging
 - Level 2.4 Stealth
 * Level 5.1 Spellcasting
 + Level 1.7 Conjurations
 - Level 1.1 Summonings
 - Level 1.1 Translocations


You had one spell level left.
You knew the following spells:

 Your Spells              Type           Power        Failure   Level  Hunger
a - Magic Dart            Conj           ##..         4%          1    None
b - Mephitic Cloud        Conj/Pois/Air  #.......     22%         3    ##.....
c - Call Imp              Summ           ##......     9%          2    None
d - Blink                 Tloc           N/A          9%          2    None
e - Conjure Flame         Conj/Fire      #.......     21%         3    ##.....

Your spell library contained the following spells:

 Spells                   Type           Power        Failure   Level  Hunger
 Slow                     Hex            #.......     14%         2    None


Dungeon Overview and Level Annotations

Branches:
Dungeon (2/15)

Altars:


Message History

There is a stone staircase leading down here.
Casting: Magic Dart (safe; 4% risk of failure)
Confirm with . or Enter, or press ? or * to list all spells.
Aiming: Magic Dart (safe; 4% risk of failure)
Press: ? - help, Shift-Dir - straight line, f - giant cockroach
Aim: a giant cockroach The magic dart hits the giant cockroach.
You kill the giant cockroach!
The jackal bites you.
* * * LOW HITPOINT WARNING * * *
The jackal barely misses you.
Casting: Magic Dart (safe; 4% risk of failure)
Confirm with . or Enter, or press ? or * to list all spells.
Aiming: Magic Dart (safe; 4% risk of failure)
Press: ? - help, Shift-Dir - straight line, f - goblin
Aim: a goblin, wielding a +0 club The magic dart hits the goblin.
The goblin is severely wounded.
The jackal closely misses you. The goblin hits you with a +0 club.
You die...

###########
#.........#
#.######.##
###.######.# ###
#..........# ..#
#.#.#......#
#.################
#.#.#.###.###
...............g@#
#.#.........#
#............###h#
#.###.#######
......#####..#
#.####.#.#.#
......+......#
#.#..[...#.#
......######.#
#.##.#.#.#.#
......### #.#
#.##.#.#.#.#
........# #.#
#.##.#.#.#.#######
.#.####.## #.#
#.##.#.#.#.#.....#
.#.####..###.#
#.##.#.#.#.####.##


You could see a jackal and a goblin.

Vanquished Creatures
  A dart slug (D:1)
  2 leopard geckos
  9 bats
  2 giant cockroaches (D:1)
  A goblin (D:1)
  3 hobgoblins (D:1)
  A jackal (D:2)
  A frilled lizard (D:1)
  2 kobolds (D:1)
  7 rats
29 creatures vanquished.

Notes
Turn   | Place    | Note
-------+----------+-------------------------------------------
     0 | D:1      | pokeman the Deep Elf Wizard began the quest for the Orb.
     0 | D:1      | Reached XP level 1. HP: 10/10 MP: 7/7
   233 | D:1      | Reached XP level 2. HP: 16/16 MP: 3/9
   791 | D:1      | Reached skill level 5 in Spellcasting
  1263 | D:1      | Reached XP level 3. HP: 2/20 MP: 3/11
  1268 | D:1      | Learned a level 3 spell: Mephitic Cloud
  1271 | D:1      | Learned a level 2 spell: Call Imp
  1274 | D:1      | Learned a level 2 spell: Blink
  1278 | D:1      | Learned a level 3 spell: Conjure Flame
  1366 | D:1      | HP: 1/20 [jackal (1)]
  1367 | D:1      | Slain by a goblin

Illustrated notes

Levels and vault maps discovered:
D:1:      eino_arrival_cavern_e, layout_basic, corexii_leaking_fountain,
          minmay_tripent
D:2:      lemuel_upstairs_altar, layout_rooms, amethyst_overflow_temple_binary

Skill      XL: |  1  2 |
---------------+-------+-----
Spellcasting   | 5 |  5.1
Fighting       | |  0.8
Armour         | |  0.7
Dodging        | |  2.4
Stealth        | |  2.4
Conjurations   | |  1.7
Summonings     | |  1.1
Translocations | |  1.1

Action                   || total
-------------------------++-------
 Cast: Magic Dart        ||    77
  Eat: Chunk             ||     1
Armor: Robe              ||     2
Dodge: Dodged            ||    16
